 Dungeon Crawl Stone Soup version 0.30-a0-341-g682706514a (webtiles) character file.

Game seed: 3311044617988044253

650 lunkers the Basher (level 8, -1/68 HPs)
             Began as a Meteoran Fighter on Nov 1, 2022.
             Was an Initiate of the Shining One.
             Slain by a steam dragon (7 damage)
             ... on level 5 of the Dungeon.
             The game lasted 00:04:16 (1656 turns).

lunkers the Basher (Meteoran Fighter)               Turns: 1656, Time: 00:04:17

Health: -1/68      AC:  8    Str: 19    XL:     8   Next: 9%
Magic:  12/12      EV: 10    Int: 10    God:    the Shining One [......]
Gold:   55         SH:  5    Dex: 14    Spells: 7/7 levels left

rFire   . . .      SeeInvis .    f - +4 whip
rCold   . . .      Faith    .    c - +0 buckler
rNeg    . . .      Spirit   .    n - +0 ring mail {rPois}
rPois   +          Reflect  .    e - +2 helmet
rElec   .          Harm     .    (no cloak)
rCorr   .          Rampage  .    (no gloves)
Will    +....                    (no boots)
Stlth   +.........               (no amulet)
HPRegen 0.31/turn                (no ring)
MPRegen 0.13/turn                (no ring)

@: glowing, fire susceptible
A: sense surroundings 1, otherworldly, glowing, explore regen
a: Renounce Religion


You were on level 5 of the Dungeon.
You worshipped the Shining One.
The Shining One was noncommittal.
You visited 2 branches of the dungeon, and saw 6 of its levels.

You collected 55 gold pieces.

Inventory:

Hand Weapons
 a - a +0 rapier
 f - a +4 whip (weapon)
Missiles
 l - a boomerang
 m - a poisoned dart (quivered)
Armour
 b - a +0 scale mail
 c - a +0 buckler (worn)
 e - a +2 helmet (worn)
 n - a +0 ring mail of poison resistance (worn)
Jewellery
 h - a ring of flight
 i - a ring of ice
Wands
 r - a wand of flame (19)
Scrolls
 j - a scroll of teleportation
 k - a scroll of identify
Potions
 d - 2 potions of might
 g - a potion of resistance
 q - a potion of berserk rage {unknown}


   Skills:
 + Level 5.1 Fighting
 - Level 2.3 Short Blades
 + Level 8.0 Maces & Flails
 - Level 3.6 Armour
 - Level 3.6 Shields
 - Level 4.0 Invocations


You had 7 spell levels left.
You didn't know any spells.
Your spell library contained the following spells:

 Spells                   Type           Power      Damage    Failure   Level
 Magic Dart               Conj           0%         1d3       63%         1
 Searing Ray              Conj           0%         2d4       77%         2
 Inner Flame              Hex/Fire       0%         N/A       94%         3
 Flame Wave               Conj/Fire      0%         2d4       100%        4
 Fulminant Prism          Conj/Hex       0%         3d5       100%        4
 Sticky Flame             Conj/Fire      0%         2d3       100%        4


Dungeon Overview and Level Annotations

Branches:
Dungeon (5/15) Zot: 1605   Temple (1/1) D:4 Zot: 351

Altars:
Ashenzari
Cheibriados
Elyvilon
Fedhas
Hepliaklqana
Kikubaaqudgha
Nemelex Xobeh
Okawaru
Qazlal
Ru
Trog
Vehumet
Wu Jian
Xom
Yredelemnul
Zin
The Shining One
Ignis

Shops:
D:2 :?*[


Innate Abilities, Weirdness & Mutations

You passively map a small area around you.
You are easily found by Zot.
You glow in the dark.
You regain HP and MP as you explore.


Message History

You are engulfed in a cloud of scalding steam.
The ufetubus barely misses you.
The ufetubus hits you but does no damage.
You block the ufetubus's attack.
The ufetubus hits you but does no damage.
You hit the steam dragon.
The steam dragon is heavily wounded.
You are engulfed in a cloud of scalding steam.
* * * LOW HITPOINT WARNING * * *
You block the steam dragon's attack.
The steam dragon claws you but does no damage.
The ufetubus hits you but does no damage.
You block the ufetubus's attack.
You closely miss the steam dragon.
The steam dragon is heavily wounded.
You are engulfed in a cloud of scalding steam.
* * * LOW HITPOINT WARNING * * *
The steam dragon breathes steam at you. The ball of steam hits you!!
* * * LOW HITPOINT WARNING * * *
The ufetubus is engulfed in a cloud of scalding steam.
The ufetubus dies!
You barely miss the steam dragon.
The steam dragon is heavily wounded.
You are engulfed in a cloud of scalding steam.
* * * LOW HITPOINT WARNING * * *
The steam dragon bites you.
* * * LOW HITPOINT WARNING * * *
The steam dragon claws you but does no damage.
You whack the steam dragon!
The steam dragon is severely wounded.
You are engulfed in a cloud of scalding steam.
You barely miss the steam dragon.
The steam dragon is severely wounded.
The steam dragon closely misses you.
The steam dragon claws you but does no damage.
You barely miss the steam dragon.
The steam dragon is severely wounded.
The steam dragon bites you!
You die...

........##....# ##.. *,,
........#.....##......##
........#...............
*
##......................
###..###)##§§..§.......
#..#.......§..§§..... ,
*...>#...†.............
.[..##..........§...... *
..#####....§..§§@D......,
, .. #...............<. ,
. .........(...##...... ,
.##.........##*#..###
*#..##...(##.# #... ,
#.#....... ... ...# ,
#.##.......##. ..# , #
........# * ## ,


You could see a steam dragon (catching breath).

Vanquished Creatures
  Grinder (D:5)
  A water moccasin (D:5)
  A black bear (D:5)
  A necrophage (D:5)
  A hound (D:5)
  An orc priest (D:5)
  A jelly (D:5)
  An iguana (D:4)
  Robin (D:2)
  3 gnolls (D:4)
  An adder (D:2)
  4 orcs
  A ball python (D:3)
  2 bats (D:2)
  2 giant cockroaches
  12 goblins
  2 hobgoblins (D:2)
  2 quokkas
  3 frilled lizards
  5 kobolds
  2 rats
48 creatures vanquished.

Vanquished Creatures (others)
  An ufetubus (D:5)
1 creature vanquished.

Grand Total: 49 creatures vanquished

Notes
Turn   | Place    | Note
-------+----------+-------------------------------------------
     0 | D:1      | lunkers the Meteoran Fighter began the quest for the Orb.
     0 | D:1      | Reached XP level 1. HP: 19/19 MP: 2/2
   205 | D:1      | Reached skill level 1 in Maces & Flails
   250 | D:2      | Found Paenam's Magic Scroll Shop.
   272 | D:2      | Reached XP level 2. HP: 24/26 MP: 3/3
   276 | D:2      | Found Essiydub's Antique Armour Emporium.
   295 | D:2      | Reached skill level 2 in Maces & Flails
   320 | D:2      | Reached XP level 3. HP: 31/31 MP: 4/4
   321 | D:2      | Noticed Robin
   334 | D:2      | Reached skill level 3 in Maces & Flails
   357 | D:2      | Killed Robin
   379 | D:2      | Reached skill level 4 in Maces & Flails
   379 | D:2      | Reached XP level 4. HP: 25/38 MP: 5/5
   390 | D:2      | Found Fucayryr's General Store.
   395 | D:2      | Found Xicebafi's Book Emporium.
   752 | D:3      | Found a faded altar of an unknown god.
   757 | D:3      | Prayed at the altar of an unknown god.
   757 | D:3      | Became a worshipper of Ignis, the Dying Flame
  1002 | D:4      | Reached skill level 5 in Maces & Flails
  1008 | D:4      | Reached XP level 5. HP: 26/45 MP: 6/6
  1040 | D:4      | Found a staircase to the Ecumenical Temple.
  1286 | Temple   | Entered the Ecumenical Temple
  1509 | Temple   | Fell from the grace of Ignis
  1509 | Temple   | Became a worshipper of the Shining One
  1564 | D:5      | Entered Level 5 of the Dungeon
  1564 | D:5      | Noticed a water moccasin
  1579 | D:5      | Killed a water moccasin
  1580 | D:5      | Reached skill level 6 in Maces & Flails
  1580 | D:5      | Reached XP level 6. HP: 28/52 MP: 6/8
  1595 | D:5      | Noticed a black bear
  1598 | D:5      | Noticed Grinder
  1611 | D:5      | Killed a black bear
  1612 | D:5      | Reached XP level 7. HP: 55/60 MP: 8/10
  1625 | D:5      | Reached skill level 7 in Maces & Flails
  1627 | D:5      | Paralysed by Grinder for 3 turns
  1633 | D:5      | Killed Grinder
  1634 | D:5      | Reached skill level 5 in Fighting
  1634 | D:5      | Reached skill level 8 in Maces & Flails
  1634 | D:5      | Reached XP level 8. HP: 68/68 MP: 10/12
  1643 | D:5      | Noticed a steam dragon
  1656 | D:5      | Slain by a steam dragon

Illustrated notes

Levels and vault maps discovered:
D:1:      dpeg_arrival_pond, layout_basic, nicolae_eternal_life
D:2:      layout_rooms, serial_shops, nicolae_diamond_shop, shop,
          shop_fountains, nicolae_shop_trees, minmay_fractal_squares_gapless_5,
          uniq_robin
D:3:      layout_basic, shapermc_ecumenical_altar_petra
D:4:      layout_basic, minmay_temple_entry_mini_moons
D:5:      layout_cave_pools, makhleb_blood_cavern_becter, uniq_grinder
Temple:   minmay_crystal_spiral_temple

Skill      XL: |  1  2  3  4  5  6  7 |
---------------+----------------------+-----
Maces & Flails | 1 2 4 5 6 8 |  8.0
Invocations    | 2 3 4 |  4.0
Fighting       | 4 5 |  5.1
Short Blades   | |  2.3
Armour         | |  3.6
Shields        | |  3.6

Action                   |  1- 3 |  4- 6 |  7- 9 || total
-------------------------+-------+-------+-------++-------
Melee: Whip              |    51 |    80 |    24 ||   155
       Rapier            |     1 |       |       ||     1
Throw: Stone             |    12 |     2 |       ||    14
       Dart              |       |    17 |     1 ||    18
Invok: Fiery Armour      |       |     1 |       ||     1
  Use: Scroll            |       |     5 |       ||     5
       Potion            |       |     1 |       ||     1
Armor: Scale mail        |    27 |     4 |       ||    31
       Ring mail         |       |    30 |    10 ||    40
Dodge: Dodged            |    18 |    33 |     8 ||    59
Block: Buckler           |    11 |    16 |     7 ||    34

Table legend: (Time is in decaauts)
 A = Elapsed time spent in this place.
 B = Non-inter-level travel time spent in this place.
 C = Inter-level travel time spent in this place.
 D = Time resting spent in this place.
 E = Time spent auto-exploring this place.
 F = Levels seen in this place.
 G = Mean time per level.
                   A        B        C        D        E       F      G
               +--------+--------+--------+--------+--------+-----+--------+
         Total |   1643 |   1496 |    147 |      0 |   1055 |   6 |  273.8 |
       Dungeon |   1394 |   1294 |    100 |      0 |    873 |   5 |  278.8 |
        Temple |    248 |    202 |     46 |      0 |    182 |   1 |  248.0 |
               +--------+--------+--------+--------+--------+-----+--------+

Top non-repeatable levels by time:
     D:3: 378 daAuts
     D:4: 356 daAuts
     D:2: 356 daAuts
  Temple: 248 daAuts
     D:1: 221 daAuts
     D:5: 81 daAuts
